 Dungeon Crawl Stone Soup version 0.29-a0-330-g52719c12eb (webtiles) character file.

Game seed: 3477852961876564110

10866 Charly the Carver (level 12, 0/127 HPs)
             Began as a Human Chaos Knight on May 3, 2022.
             Was a Plaything of Xom.
             Slain by a two-headed ogre
             ... wielding a +0 giant spiked club
              (24 damage)
             ... on level 10 of the Dungeon.
             The game lasted 00:55:29 (13746 turns).

Charly the Carver (Human Chaos Knight)             Turns: 13746, Time: 00:55:29

Health: 0/127      AC: 12    Str: 13    XL:     12   Next: 0%
Magic:  12/12      EV: 13    Int: 11    God:    Xom [......]
Gold:   738        SH:  6    Dex: 24    Spells: 11/11 levels left

rFire   . . .      SeeInvis .   b - +1 long sword
rCold   . . .      Faith    .   G - +0 buckler of Sejet {rElec Dex+5}
rNeg    . . .      Spirit   .   I - +0 acid dragon scales
rPois   +          Reflect  .   v - +2 hat
rElec   +          Harm     .   (no cloak)
rCorr   +          Rampage  .   o - +2 pair of gloves
Will    +....      Clarity  +   y - +0 pair of boots
Stlth   ..........              (no amulet)
HPRegen 0.31/turn               p - ring of poison resistance
MPRegen 0.13/turn               C - ring of resist corrosion

@: berserking, very quick
A: antennae 1, agile 1, clarity, dopey 1, frail 1, strong-willed 1, poison
resistance
a: Renounce Religion


You were on level 10 of the Dungeon.
You worshipped Xom.
You were a very special plaything of Xom.
You visited 1 branch of the dungeon, and saw 11 of its levels.

You collected 1092 gold pieces.
You spent 354 gold pieces at shops.

Inventory:

Hand Weapons
 a - a +0 falchion of chaos
 b - a +1 long sword (weapon)
 E - a +0 triple sword of protection
 N - the +2 whip of Division {venom, rC- Will+ Str+3 Int+8}
   (You found it on level 10 of the Dungeon)

   It poisons the flesh of those it strikes.
   Str:       It affects your strength (+3).
   Int:       It affects your intelligence (+8).
   rC:        It makes you vulnerable to cold.
   Will:      It increases your willpower.
Armour
 o - a +2 pair of gloves (worn)
 v - a +2 hat (worn)
 y - a +0 pair of boots (worn)
 G - the +0 buckler of Sejet (worn) {rElec Dex+5}
   (You acquired it on level 7 of the Dungeon)

   Dex:       It affects your dexterity (+5).
   rElec:     It insulates you from electricity.
 I - +0 acid dragon scales (worn)
Magical Staves
 u - a staff of fire
Jewellery
 p - a ring of poison resistance (left hand)
 A - a ring of magical power
 C - a ring of resist corrosion (right hand)
Wands
 s - a wand of iceblast (14)
 D - a wand of acid (5)
 H - a wand of digging (5)
 L - a wand of polymorph (1)
Scrolls
 g - 5 scrolls of enchant weapon
 m - 4 scrolls of fog
 n - a scroll of immolation
 q - a scroll of blinking
 r - 2 scrolls of fear
 x - a scroll of enchant armour {unknown}
 B - a scroll of teleportation
 J - a scroll of amnesia {unknown}
 M - a scroll of summoning {unknown}
Potions
 d - 2 potions of berserk rage
 e - 4 potions of lignification
 f - a potion of attraction {unknown}
 h - a potion of mutation {unknown}
 i - 2 potions of brilliance {unknown}
 j - 2 potions of heal wounds
 k - 7 potions of curing
 l - a potion of magic {unknown}
 t - 3 potions of might
 w - 2 potions of degeneration {unknown}
 z - a potion of flight
 F - a potion of invisibility {unknown}
Miscellaneous
 c - a piece from Xom's chessboard (inert)


   Skills:
 + Level 9.0 Fighting
 * Level 12.3 Long Blades
 - Level 2.2 Armour
 + Level 3.2 Dodging
 - Level 2.0 Stealth
 - Level 5.0 Shields
 + Level 8.6 Evocations


You had 11 spell levels left.
You didn't know any spells.
Your spell library contained the following spells:

 Spells                   Type           Power      Damage    Failure   Level
 Animate Skeleton         Necr           0%         N/A       54%         1
 Apportation              Tloc           0%         N/A       54%         1
 Summon Small Mammal      Summ           0%         N/A       54%         1
 Call Canine Familiar     Summ           0%         N/A       89%         3
 Summon Guardian Golem    Hex/Summ       0%         N/A       89%         3
 Fulminant Prism          Conj/Hex       0%         3d6       100%        4
 Summon Ice Beast         Ice/Summ       0%         N/A       100%        4
 Summon Lightning Spire   Summ/Air       0%         N/A       100%        4
 Alistair's Intoxication  Tmut/Pois      0%         N/A       100%        5
 Blade Hands              Tmut           0%         N/A       100%        5
 Borgnjor's Vile Clutch   Necr/Erth      0%         N/A       100%        5
 Irradiate                Conj/Tmut      0%         3d13      100%        5
 Silence                  Hex/Air        0%         N/A       100%        5
 Summon Mana Viper        Hex/Summ       0%         N/A       100%        5
 Eringya's Noxious Bog    Tmut/Pois      0%         N/A       100%        6
 Dragon Form              Tmut           0%         N/A       100%        7
 Haunt                    Necr/Summ      0%         N/A       100%        7
 Monstrous Menagerie      Summ           0%         N/A       100%        7
 Orb of Destruction       Conj           0%         9d5       100%        7
 Spellforged Servitor     Conj/Summ      0%         N/A       100%        7


Dungeon Overview and Level Annotations

Branches:
Dungeon (11/15)            Temple (0/1) D:7            Lair (0/6) D:8
    Orc (0/2) D:9

Altars:
Xom
Zin

Shops:
D:6 *   D:9 (

Annotations:
D:2 1 runed translucent door, Crazy Yiuf


Innate Abilities, Weirdness & Mutations

You have a pair of small antennae on your head.
You are agile. (Dex +2)
You possess an exceptional clarity of mind.
You are dopey. (Int -2)
You are frail. (-10% HP)
You are strong-willed. (Will+)
Your system is resistant to poisons. (rPois)


Message History

There is a stone staircase leading down here.
A two-headed ogre comes into view.
It is wielding a +0 giant spiked club and a +0 giant club.
You can't go down here!
Search for what [Enter for "."]? cur
Aiming: Polymorph
Press: ? - help, Shift-Dir - straight line, f - two-headed ogre
Aim: a two-headed ogre, wielding a +0 giant spiked club and a +0 giant club (wandering, hasn't noticed you, will become a death drake, a snapping turtle, or a sea snake, chance to affect: 51%)
Okay, then.
Unknown command.
Okay, then.
Okay, then.
Unknown command.
Unknown command.
Unknown command.
Okay, then.
Unknown command.
Really read the scroll of noise?
As you read the scroll of noise, it crumbles to dust.
You hear a loud clanging noise!
The two-headed ogre shouts in stereo!
Aiming: Corrosive Bolt
Press: ? - help, Shift-Dir - straight line, f - you
Okay, then.
Aiming: Corrosive Bolt
Press: ? - help, Shift-Dir - straight line, f - two-headed ogre
Aim: a two-headed ogre, wielding a +0 giant spiked club and a +0 giant club (88% to hit)
The bolt of acid hits the two-headed ogre!!
The acid corrodes the two-headed ogre!
The two-headed ogre is severely wounded.
You barely miss the two-headed ogre.
The two-headed ogre is heavily wounded.
The two-headed ogre hits you with a +0 giant spiked club!!
The two-headed ogre hits you with a +0 giant club!!
A red film seems to cover your vision as you go berserk!
You feel yourself moving faster!
You feel mighty!
You slash the two-headed ogre!
The two-headed ogre is almost dead.
The two-headed ogre hits you with a +0 giant spiked club!!
* * * LOW HITPOINT WARNING * * *
The two-headed ogre hits you with a +0 giant club!!
You die...

..#######.......#
#..........#
............###.#
############
.##...........#.###
.##.###..###..#...##
.........# ##.###..##
.........# #[####..#
.........####.#....##
..............)....#
...............O@<.#
...................#
...................#
#..................#
#.................>#
#..................##
.#.######...........#
.#.### #...........#
.#...####...........#


You could see a two-headed ogre (corroded).

Vanquished Creatures
  2 two-headed ogres
  A sea snake (shapeshifter) (D:8)
  An ugly thing (D:11)
  A kobold demonologist (D:9)
  3 trolls
  3 hornets
  2 wraiths
  8 yaks
  A steam dragon (D:7)
  2 wargs (D:8)
  Edmund (D:5)
  2 acid dragons
  4 orc warriors
  10 ogres (D:8)
  4 centaurs
  3 phantoms
  4 kobold brigands
  4 bullfrogs
  3 necrophages
  9 scorpions
  A wight (D:7)
  12 howler monkeys
  4 jellies
  A gnoll shaman (D:8)
  6 orc priests
  7 hounds
  2 iguanas
  6 orc wizards
  Robin (D:4)
  10 adders
  13 gnolls
  A white imp (D:7)
  An ufetubus (D:5)
  2 worms
  A dart slug (D:2)
  39 orcs
  3 ball pythons
  10 bats
  4 endoplasms (D:1)
  2 giant cockroaches (D:1)
  14 goblins
  9 hobgoblins
  3 jackals (D:2)
  5 kobolds
  6 quokkas
  4 frilled lizards
  4 rats
239 creatures vanquished.

Vanquished Creatures (collateral kills)
  A kobold demonologist (D:8)
  An orc warrior (D:8)
  A phantom (D:5)
  A howler monkey (D:8)
  A gnoll shaman (D:8)
5 creatures vanquished.

Vanquished Creatures (others)
  A bullfrog (D:7)
  An orc wizard (D:8)
  An orc (D:8)
  A plant (D:8)
4 creatures vanquished.

Grand Total: 248 creatures vanquished

Notes
Turn   | Place    | Note
-------+----------+-------------------------------------------
     0 | D:1      | Charly the Human Chaos Knight began the quest for the Orb.
     0 | D:1      | Reached XP level 1. HP: 18/18 MP: 1/1
   138 | D:2      | XOM: potion effect (haste)
   173 | D:2      | Reached XP level 2. HP: 23/24 MP: 2/2
   266 | D:2      | Reached skill level 1 in Stealth
   313 | D:2      | XOM: silly message
   385 | D:2      | Reached XP level 3. HP: 29/29 MP: 3/3
   447 | D:3      | Noticed an ice beast
   466 | D:1      | Found a faded altar of an unknown god.
   478 | D:1      | XOM: silly message
   504 | D:1      | XOM: divination: magic mapping
   509 | D:1      | XOM: silly message
   698 | D:1      | XOM: divination: magic mapping
   757 | D:1      | Reached skill level 1 in Evocations
   936 | D:1      | XOM: noise
   945 | D:1      | Reached XP level 4. HP: 35/35 MP: 4/4
  1115 | D:1      | XOM is BORED!
  1244 | D:1      | XOM: give mutation
  1244 | D:1      | Gained mutation: You are dopey. (Int -2) [Xom's mischief]
  1324 | D:1      | XOM: silly message
  1438 | D:3      | XOM: butterfly on damage
  1443 | D:3      | XOM: repel stairs
  1968 | D:2      | Found a runed translucent door.
  1969 | D:2      | Noticed Crazy Yiuf
  2192 | D:4      | Noticed a necrophage
  2229 | D:4      | Noticed a phantom
  2233 | D:4      | XOM: 2-stop teleportation journey
  2284 | D:3      | XOM: summons 3 hostile demons
  2305 | D:3      | XOM: stat loss: -1 Dex (14/15)
  2314 | D:2      | XOM: stat loss: -1 Int (9/10)
  2425 | D:4      | XOM: enchant monster (bad)
  2436 | D:4      | Killed a necrophage
  2437 | D:4      | Reached XP level 5. HP: 41/41 MP: 5/5
  2444 | D:5      | Entered Level 5 of the Dungeon
  2467 | D:4      | XOM: noise
  2472 | D:4      | XOM: scenery: create altars
  2476 | D:4      | Killed a phantom
  2477 | D:4      | Reached XP level 6. HP: 33/47 MP: 6/6
  2503 | D:4      | Noticed Blork the orc
  2543 | D:3      | XOM: divination: magic mapping
  2635 | D:3      | XOM: enchant monster (bad)
  3052 | D:3      | XOM: silly message
  3316 | D:3      | Reached skill level 5 in Evocations
  3340 | D:4      | Noticed Robin
  3486 | D:3      | XOM: summons 4 hostile shadow creatures
  3635 | D:4      | Killed Robin
  3718 | D:4      | XOM: 2-stop teleportation journey
  3724 | D:4      | Noticed Blork
  3724 | D:4      | Blork the orc changed into Blork the scorpion
  3724 | D:4      | XOM: polymorph Blork the orc -> Blork the scorpion
  3726 | D:4      | XOM: confuse monster(s)
  3727 | D:4      | XOM: silly message
  3735 | D:4      | Killed Blork the scorpion
  3750 | D:4      | Reached skill level 4 in Long Blades
  3750 | D:4      | Reached XP level 7. HP: 40/52 MP: 7/7
  3778 | D:4      | XOM: give mutations
  3778 | D:4      | Gained mutation: You are very dopey. (Int -4) [Xom's
                  | mischief]
  3778 | D:4      | Lost mutation: You are very dopey. (Int -4) [Xom's
                  | mischief]
  3778 | D:4      | Gained mutation: You possess an exceptional clarity of
                  | mind. [Xom's mischief]
  3886 | D:4      | XOM: torment (28/53 hp)
  4224 | D:4      | XOM: divination: magic mapping
  4496 | D:5      | XOM: smoke on damage
  4806 | D:5      | XOM: summons friendly ufetubus
  4907 | D:5      | XOM is BORED!
  4907 | D:5      | XOM: polymorph ufetubus -> ufetubus
  4909 | D:5      | Noticed Edmund
  4909 | D:5      | XOM: cast spell 'Discord'
  4932 | D:5      | Reached skill level 5 in Long Blades
  5011 | D:5      | XOM: confuse monster(s)
  5026 | D:5      | Killed Edmund
  5027 | D:5      | Reached XP level 8. HP: 56/61 MP: 8/8
  5102 | D:6      | XOM: blink monster(s)
  5115 | D:6      | Reached skill level 6 in Long Blades
  5273 | D:5      | XOM: noise
  5280 | D:5      | Reached skill level 5 in Fighting
  6039 | D:5      | XOM: scenery: create altars
  6046 | D:5      | XOM: give mutations
  6046 | D:5      | Gained mutation: You have a pair of small horns on your
                  | head. [Xom's grace]
  6046 | D:5      | Gained mutation: You are somewhat resistant to further
                  | mutation. [Xom's grace]
  6046 | D:5      | Gained mutation: You are strong-willed. (Will+) [Xom's
                  | grace]
  6046 | D:5      | Gained mutation: You are partially covered in iridescent
                  | scales. (AC +2) [Xom's grace]
  6123 | D:6      | Found Miufiamn's Serpentskin Sales.
  6152 | D:6      | Bought a ring of poison resistance for 300 gold pieces
  6152 | D:6      | Bought 6 curare-tipped darts for 54 gold pieces
  6387 | D:6      | Reached skill level 7 in Long Blades
  6616 | D:7      | XOM: scenery: create altars
  6843 | D:6      | XOM: 2-stop teleportation journey
  6961 | D:6      | Reached XP level 9. HP: 69/69 MP: 9/9
  7032 | D:6      | XOM: silly message
  7707 | D:7      | Noticed a troll
  7715 | D:7      | XOM: cast spell 'Metabolic Englaciation'
  7718 | D:7      | XOM: 4-stop teleportation journey
  7735 | D:7      | Reached skill level 8 in Long Blades
  7845 | D:7      | Got the Tome of Entrancing Creation
  8025 | D:7      | Noticed a two-headed ogre
  8059 | D:7      | Killed a two-headed ogre
  8060 | D:7      | Reached skill level 9 in Long Blades
  8140 | D:7      | XOM is BORED!
  8174 | D:7      | XOM: swap monsters
  8243 | D:7      | Found a staircase to the Ecumenical Temple.
  8243 | D:7      | XOM: 9-stop teleportation journey
  8248 | D:7      | Reached XP level 10. HP: 78/79 MP: 10/10
  8255 | D:7      | Identified 2 scrolls of acquirement
  8255 | D:7      | Acquired the +0 buckler of Sejet {rElec Dex+5}
  8256 | D:7      | Acquired a +0 triple sword of protection
  8538 | D:7      | XOM: 1-stop teleportation journey
  8729 | D:7      | XOM: give mutations
  8729 | D:7      | Lost mutation: You have a pair of small horns on your head.
                  | [Xom's mischief]
  8729 | D:7      | Gained mutation: You are weak. (Str -2) [Xom's mischief]
  8735 | D:7      | Reached skill level 1 in Shields
  8856 | D:7      | XOM: give mutations
  8856 | D:7      | Lost mutation: You are somewhat resistant to further
                  | mutation. [Xom's mischief]
  8856 | D:7      | Lost mutation: You are partially covered in iridescent
                  | scales. (AC +2) [Xom's mischief]
  8856 | D:7      | Lost mutation: You are weak. (Str -2) [Xom's mischief]
  8856 | D:7      | Gained mutation: You are frail. (-10% HP) [Xom's mischief]
  9042 | D:8      | XOM: noise
  9103 | D:8      | Reached skill level 10 in Long Blades
  9108 | D:8      | XOM: summons 5 hostile demons
  9109 | D:8      | Noticed a soul eater
  9271 | D:8      | Found a glowing silver altar of Zin.
  9291 | D:8      | Found a staircase to the Lair.
  9681 | D:8      | XOM: give mutation
  9681 | D:8      | Lost mutation: You are frail. (-10% HP) [Xom's mischief]
  9731 | D:8      | XOM: enchant monster (bad)
  9737 | D:8      | XOM: chaos cloud
  9743 | D:8      | XOM: 1-stop teleportation journey
  9801 | D:8      | XOM: chaos upgrade
  9815 | D:8      | XOM: 1-stop teleportation journey
  9820 | D:8      | XOM: enchant monster (bad)
 10203 | D:8      | XOM: noise
 10432 | D:8      | XOM: draining
 10501 | D:8      | XOM: cleaving
 10542 | D:8      | XOM: scenery: summon butterflies
 10558 | D:8      | XOM: give mutation
 10558 | D:8      | Gained mutation: You are agile. (Dex +2) [Xom's mischief]
 10559 | D:8      | XOM: enchant monster (bad)
 10598 | D:8      | Reached skill level 11 in Long Blades
 10598 | D:8      | Reached XP level 11. HP: 48/78 MP: 11/11
 10699 | D:8      | XOM: give mutations
 10699 | D:8      | Gained mutation: You have a pair of small antennae on your
                  | head. [Xom's grace]
 10699 | D:8      | Gained mutation: Your system is resistant to poisons.
                  | (rPois) [Xom's grace]
 10792 | D:8      | XOM: enchant monster (good)
 10829 | D:8      | Noticed a glowing shapeshifter
 10829 | D:8      | a kobold demonologist changed into a glowing shapeshifter
 10829 | D:8      | XOM: polymorph kobold demonologist -> glowing shapeshifter
 10829 | D:8      | Noticed a sea snake
 10829 | D:8      | a glowing shapeshifter changed into a sea snake
 10836 | D:8      | Killed a sea snake
 11561 | D:8      | XOM: scenery: create altars
 11815 | D:9      | XOM: polymorph white imp -> shadow imp
 12011 | D:9      | XOM: cloud trail
 12067 | D:9      | XOM: confuse monster(s)
 12070 | D:9      | XOM: swap monsters
 12072 | D:9      | XOM: scenery: 1 doors open
 12076 | D:9      | Found a staircase to the Orcish Mines.
 12084 | D:9      | XOM: polymorph orc -> frilled lizard
 12086 | D:9      | XOM: blink monster(s)
 12100 | D:9      | XOM: chaos upgrade
 12251 | D:9      | XOM: silly message
 12272 | D:9      | Found Hypeurom's Antique Weapon Emporium.
 12310 | D:9      | XOM: enchant monster (bad)
 12318 | D:9      | Noticed a two-headed ogre
 12324 | D:9      | Killed a two-headed ogre
 12325 | D:9      | Reached skill level 12 in Long Blades
 12345 | D:9      | Reached skill level 5 in Shields
 12774 | D:10     | Entered Level 10 of the Dungeon
 12895 | D:10     | Identified the +2 whip of Division {venom, rC- Will+ Str+3
                  | Int+8}
 13034 | D:10     | XOM: enchant monster (good)
 13063 | D:10     | XOM: scenery: create altars
 13085 | D:10     | XOM: silly message
 13136 | D:10     | XOM: silly message
 13579 | D:11     | Noticed a white ugly thing
 13590 | D:11     | Killed a white ugly thing
 13606 | D:11     | Reached XP level 12. HP: 60/95 MP: 12/12
 13677 | D:11     | XOM: give mutation
 13677 | D:11     | Gained mutation: You are frail. (-10% HP) [Xom's mischief]
 13739 | D:10     | Noticed a two-headed ogre
 13746 | D:10     | Slain by a two-headed ogre

Illustrated notes

Levels and vault maps discovered:
D:1:      minmay_arrival_up_and_down, layout_rooms, basic_ecumenical_altar,
          minmay_misc_feat_square
D:2:      layout_rooms, minmay_misc_feat_cross, uniq_crazy_yiuf_cottage
D:3:      layout_rooms, grunt_decor_clamped, chequers_serial_rivers_small_b
D:4:      layout_cave_pools, uniq_robin, uniq_blork_the_orc
D:5:      layout_basic, kennysheep_generic_room_7, uniq_edmund
D:6:      layout_basic, guppyfry_shop_venom
D:7:      minmay_recursive_quarters, layout_basic, minmay_temple_entry_mist,
          ebering_dispersal_statue_hall
D:8:      lemuel_castle_with_subvaults [lemuel_castle_interior_original],
          layout_layer_cave, mainiacjoe_overflow_surrounded_room,
          lair_entry_dummy
D:9:      layout_loops_ring, hiddenorc1_lemuel, serial_shops, shop_coins,
          lightli_orcish_oven
D:10:     layout_rooms
D:11:     layout_gridville

Skill      XL: |  1  2  3  4  5  6  7  8  9 10 11 |
---------------+----------------------------------+-----
Stealth        | 1 2 |  2.0
Evocations     | 1 3 4 5 6 7 8 |  8.6
Long Blades    | 4 5 7 9 11 12 | 12.3
Fighting       | 4 5 7 8 9 |  9.0
Shields        | 3 5 |  5.0
Dodging        | 3 |  3.2
Armour         | |  2.2

Action                   |  1- 3 |  4- 6 |  7- 9 | 10-12 || total
-------------------------+-------+-------+-------+-------++-------
Melee: Falchion          |    51 |       |       |       ||    51
       Long sword        |    65 |   172 |   226 |   431 ||   894
       Punch             |     1 |     4 |     2 |       ||     7
       Headbutt          |       |       |    24 |     7 ||    31
Throw: Dart              |       |       |    12 |    36 ||    48
       Throwing net      |       |       |       |     1 ||     1
Evoke: Piece from Xom's  |     2 |    24 |     5 |    14 ||    45
       Wand              |       |       |     2 |    12 ||    14
  Use: Scroll            |     1 |     3 |     7 |     7 ||    18
       Potion            |       |       |     1 |     6 ||     7
 Stab: Paralysed         |     5 |     4 |     7 |     7 ||    23
       Petrified         |     4 |       |    10 |       ||    14
       Sleeping          |       |     2 |     2 |     1 ||     5
       Distracted        |       |     1 |     1 |     3 ||     5
       Confused          |       |     4 |       |       ||     4
       Petrifying        |       |       |     1 |       ||     1
       Held in net/web   |       |       |       |     1 ||     1
Armor: Leather armour    |    36 |    88 |    95 |   157 ||   376
Dodge: Dodged            |    62 |    96 |   111 |   205 ||   474
Block: Buckler           |       |       |       |   108 ||   108

Table legend: (Time is in decaauts)
 A = Elapsed time spent in this place.
 B = Non-inter-level travel time spent in this place.
 C = Inter-level travel time spent in this place.
 D = Time resting spent in this place.
 E = Time spent auto-exploring this place.
 F = Levels seen in this place.
 G = Mean time per level.
                   A        B        C        D        E       F      G
               +--------+--------+--------+--------+--------+-----+--------+
         Total |  13811 |  13170 |    641 |   2016 |   7375 |  11 | 1255.5 |
       Dungeon |  13811 |  13170 |    641 |   2016 |   7375 |  11 | 1255.5 |
               +--------+--------+--------+--------+--------+-----+--------+

Top non-repeatable levels by time:
     D:8: 2521 daAuts
     D:5: 1581 daAuts
     D:6: 1523 daAuts
     D:7: 1514 daAuts
     D:3: 1289 daAuts
     D:9: 1177 daAuts
     D:4: 1125 daAuts
     D:2: 1101 daAuts
     D:1: 1010 daAuts
    D:10: 837 daAuts
    D:11: 128 daAuts
